AoeStats
← Tanana

Lombardia

508690773Analyzed
4v4 RM · 9d ago on Sep 23, 2026· 27m 21s· 8 players
Game mode
Random Map
Map size
Large (8 player)
Population
200
Speed
Normal
Resources
Standard
Victory
Conquest
Starting age
Dark Age
Ending age
Imperial Age
RankedLock teamsTeams togetherTeam positionsShared explorationLock speedFull tech treeHidden civsTurbo modeCheats
Victory
Defeat
🇨🇱 Magyars · Chile
1435
+13
🇵🇹 Varangians · Portugal
1429
+13
🇩🇪 Franks · Germany
1397
+14
🇬🇧 Hindustanis · United Kingdom
1378
+15
🇩🇪 Berbers · Germany
1392
-16
🇩🇪 Ethiopians · Germany
1349
-13
🇩🇪 Magyars · Germany
1349
-13
🇩🇪 Koreans · Germany
1347
-13
ZZZzzzzz....
6:01 Loom
8:31 Feudal Age
9:54 Double-Bit Axe
17:10 Wheelbarrow
21:48 Castle Age
20:21 Bloodlines
20:18 Gold Mining
20:27 Horse Collar
20:56 Fletching
22:42 Bow Saw
22:29 Bodkin Arrow
23:26 Husbandry
24:32 Padded Archer Armor
25:51 Ballistics
25:50 Leather Archer Armor
Savitar_pt
6:40 Loom
9:32 Feudal Age
10:04 Double-Bit Axe
12:22 Bloodlines
14:27 Forging
17:29 Scale Barding Armor
18:38 Wheelbarrow
22:26 Castle Age
20:50 Horse Collar
23:36 Chain Barding Armor
23:36 Bow Saw
23:20 Gold Mining
24:14 Heavy Plow
26:00 Husbandry
26:42 Iron Casting
eraycoskun33
7:39 Loom
9:44 Feudal Age
10:24 Double-Bit Axe
15:45 Loom
19:00 Castle Age
20:20 Bow Saw
21:00 Wheelbarrow
21:08 Wheelbarrow
21:36 Scale Barding Armor
21:42 Forging
24:47 Hand Cart
donte
12:59 Feudal Age
14:30 Double-Bit Axe
17:12 Castle Age
14:58 Horse Collar
17:28 Wheelbarrow
16:43 Loom
18:46 Bow Saw
18:36 Heavy Plow
19:46 Hand Cart
19:53 Hand Cart
26:03 Fletching
26:21 Scale Barding Armor
26:27 Forging
26:17 Padded Archer Armor
26:08 Fletching
26:20 Scale Mail Armor
27:28 Chain Barding Armor
Fürst Zono
6:35 Loom
8:44 Feudal Age
11:58 Wheelbarrow
20:49 Castle Age
19:53 Bloodlines
22:57 Double-Bit Axe
25:19 Horse Collar
Tanana
8:51 Loom
10:47 Feudal Age
14:56 Castle Age
13:14 Double-Bit Axe
15:35 Fletching
21:07 Crossbowman
23:19 Horse Collar
26:45 Heavy Plow
27:26 Wheelbarrow
27:53 Thumb Ring
I still hate Goths
5:46 Loom
8:41 Feudal Age
14:23 Horse Collar
14:31 Double-Bit Axe
15:25 Horse Collar
23:05 Castle Age
21:46 Bloodlines
22:19 Scale Barding Armor
22:42 Gold Mining
24:08 Chain Barding Armor
25:08 Husbandry
I still love Koreans
5:05 Loom
10:43 Feudal Age
14:30 Castle Age
13:32 Double-Bit Axe
14:18 Scale Mail Armor
20:45 Horse Collar
22:02 Squires
22:51 Bow Saw
23:38 Wheelbarrow
24:28 Heavy Plow
24:52 Fletching
24:58 Stone Mining
26:54 Bodkin Arrow
26:46 Town Watch
27:57 Chain Mail Armor
Connection lost

Rejoining the realm…

Still unreachable

The connection could not be restored.

Session expired

The server has moved on; the page needs a fresh start.